Cogmind - Beta 14 @@@ ROGUE MODE // 2024.10.12 @ 11:14:51 Player: Glitch Artist Result: Destroyed self with Grenade Launcher Performance ------------- Evolutions (1) 500 Regions Visited (2) 400 Robots Destroyed (37) 185 Value Destroyed (763) 763 Prototype IDs (0) 0 Alien Tech Used (0) 0 Bonus (0) 0 TOTAL SCORE: 1848 Bonus ------- None Cogmind --------- Core Integrity 0/400 Matter 113/300 Energy 90/100 System Corruption 0% Temperature Cool (0) Movement Core (1400) Ox27 Location -9/Materials Parts ------- > --- POWER (1) -------- (None) > --- PROPULSION (3) --- (None) > --- UTILITY (3) ------ Huge Storage Unit Visual Processing Unit > --- WEAPON (2) ------- Grenade Launcher > --- INVENTORY (25) --- Light Ion Engine VTOL Module VTOL Module VTOL Module EMP Blaster Peak State ------------ > --- POWER ------------ Light Ion Engine > --- PROPULSION ------- Flight Unit VTOL Module VTOL Module > --- UTILITY ---------- Huge Storage Unit > --- WEAPON ----------- Grenade Launcher Grenade Launcher > --- INVENTORY -------- Wheel Wheel Flight Unit Flight Unit VTOL Module EMP Blaster Grenade Launcher Grenade Launcher [Rating: 10] Favorites ----------- Power Light Ion Engine Engine Light Ion Engine Propulsion Wheel Treads Light Treads Wheel Wheel Flight Unit Flight Unit Utility Huge Storage Unit Device Terrain Scanner Storage Huge Storage Unit Processor Visual Processing Unit Weapon Assault Rifle Energy Gun Medium Laser Ballistic Gun Assault Rifle Ballistic Cannon Light Cannon Launcher Grenade Launcher Build | -11 -10 -9 ------- Run | Yrd Mat Mat Slots Evolved 2 | . . 2 Power . | . . . Propulsion 1 | . . 1 Utility 1 | . . 1 Weapon . | . . . Parts Attached 47 | 6 19 22 Power 3 | 1 1 1 Engine 3 | 1 1 1 Core . | . . . Reactor . | . . . Propulsion 23 | 2 9 12 Treads 4 | 2 2 . Leg . | . . . Wheel 11 | . 5 6 Hover . | . . . Flight 8 | . 2 6 Utility 7 | 1 5 1 Device 1 | . 1 . Storage 5 | 1 4 . Processor 1 | . . 1 Hackware . | . . . Protection . | . . . Artifact . | . . . Weapon 14 | 2 4 8 Energy Gun 2 | 1 . 1 Energy Cannon . | . . . Ballistic Gun 2 | 1 1 . Ballistic Cannon 1 | . 1 . Launcher 9 | . 2 7 Special Weapon . | . . . Impact Weapon . | . . . Slashing Weapon . | . . . Piercing Weapon . | . . . Special Melee Weapon . | . . . Unidentified Prototypes . | . . . Parts Lost 14 | . 2 12 Power 3 | . 1 2 Propulsion 5 | . 1 4 Utility 1 | . . 1 Weapon 5 | . . 5 Highest Loss Streak 6 | . 1 6 To Critical Strikes 1 | . 1 . Average Slot Usage (%) 77 | . 91 55 Engine 8 | . 9 7 Treads 3 | . 5 . Wheel 18 | . 21 14 Flight 1 | . . 3 Device 1 | . 2 . Storage 19 | . 23 12 Energy Gun 3 | . 4 2 Ballistic Gun 7 | . 11 . Ballistic Cannon 3 | . 5 . Launcher 8 | . 5 13 Peak Build Rating 10 | 6 7 10 Average Rating 6 | 4 6 6 On Entrance 4 | . 6 7 Naked Turns . | . . . Heaviest Build 90 | 14 90 90 Greatest Support 40 | 40 40 30 Greatest Overweight (x) 27 | . 8 27 Average Overweight (x) 3 | . 3 5 Largest Inventory Capacity 25 | 8 25 25 Average Capacity 22 | 6 23 25 Most Carried 10 | 3 7 10 Average Carried 4 | . 3 7 Final Capacity 25 | 8 25 25 Final Carried 6 | . 6 5 Class Distribution -------------------- 87% | Mutant 12% | Scavenger-Mutant Dominant Class ---------------- Mutant | -10/Materials Mutant | -9/Materials Resources | -11 -10 -9 ----------- Run | Yrd Mat Mat Matter Collected 962 | 231 387 344 Remotely . | . . . Salvage Created 962 | . 393 569 Parts 67 | . 38 29 Haulers Intercepted . | . . . Recyclers Shooed 2 | . 1 1 Parts Field Recycled . | . . . Retrieved Matter . | . . . Parts Self-Destructed . | . . . Prevented . | . . . Kills | -11 -10 -9 ------- Run | Yrd Mat Mat Combat Hostiles Destroyed 22 | . 9 13 Guns 5 | . 5 . Cannons 2 | . 2 . AOE 14 | . 2 12 Classes Destroyed 9 | . 6 3 Worker 3 | . 2 1 Builder 4 | . 3 1 Tunneler 1 | . . 1 Recycler 4 | . 2 2 Mechanic 1 | . . 1 Watcher 2 | . 1 1 Swarmer 6 | . 6 . Grunt 15 | . 3 12 Sentry 1 | . . 1 Best Kill Streak 9 | . 5 9 Combat Bots Only 7 | . 3 7 Max Kills in Single Turn 2 | . 1 2 Gunslinging . | . . . Exploded 2 | . 1 2 Melee . | . . . Uniques/NPCs Destroyed . | . . . Combat | -11 -10 -9 -------- Run | Yrd Mat Mat Hostile Shots Fired 116 | . 54 62 Missed 29 | . 12 17 Damage Taken 1560 | . 538 1022 Core 599 | . 191 408 Absorbed by Shields . | . . . Regen/Repaired (Parts) 9 | . 9 . Core Remaining (%) 61 | 100 23 . Volleys Fired 66 | . 40 26 Largest 2 | . 2 2 Hottest 78 | . 70 78 Shots Fired 118 | . 80 38 Gun 50 | . 45 5 Cannon 27 | . 27 . Launcher 41 | . 8 33 Special . | . . . Kinetic 63 | . 63 . Thermal 9 | . 9 . Explosive 29 | . 8 21 Electromagnetic 17 | . . 17 Robot Hit Streak 8 | . 4 8 Robot Miss Streak 5 | . 5 1 Penetration Max . | . . . Secondary Targets 1 | . 1 . Max Gunslinging Chain 1 | . 1 . Shots Hit Robots 66 | . 37 29 Core Hits 57 | . 23 34 Critical Kills . | . . . Critical Parts Destroyed . | . . . Critical Strikes 2 | . 1 1 Blast 1 | . 1 . Corrupt 1 | . . 1 Melee Attacks . | . . . Impact . | . . . Slashing . | . . . Piercing . | . . . Sneak Attacks . | . . . Combat Hostiles . | . . . Follow-up Attacks . | . . . Damage Inflicted 2169 | . 797 1372 Guns 336 | . 285 51 Cannons 221 | . 221 . Explosions 1580 | . 291 1289 Melee . | . . . Ramming 32 | . . 32 Kinetic 455 | . 455 . Thermal 60 | . 51 9 Explosive 1144 | . 291 853 Electromagnetic 478 | . . 478 Impact . | . . . Slashing . | . . . Piercing . | . . . Highest Corruption 1 | . 1 . Average Corruption 1 | . 1 . Corruption Purged . | . . . Corruption Blocked . | . . . Effects 1 | . 1 . Message Errors 1 | . 1 . Overload Shots . | . . . Overflow Damage 51 | . 11 40 Projectiles 11 | . 11 . Explosions 40 | . . 40 Melee . | . . . Knockbacks 5 | . 5 . Impact . | . . . Kinetic 4 | . 4 . Secondary 1 | . 1 . Self-Inflicted Damage 551 | . 150 401 Shots 27 | . 6 21 Rammed 3 | . . 3 Targets Rammed 3 | . . 3 Kicked . | . . . Crushed . | . . . Highest Temperature 36 | . 36 24 Average Temperature 11 | . 12 9 Received Heat Transfer 339 | . 24 315 Siege Activations . | . . . Robots Corrupted 1 | . . 1 Combat Hostiles 1 | . . 1 Parts Fried 1 | . . 1 Impact Corruptions . | . . . Robots Melted . | . . . Combat Hostiles . | . . . Parts Melted . | . . . Heat Transferred 198 | . 148 50 Parts Sabotaged . | . . . Parts Stolen . | . . . Parts Stripped . | . . . Power Chain Reactions 1 | . . 1 Alert | -11 -10 -9 ------- Run | Yrd Mat Mat Peak Influence 209 | . 209 196 Initial 50 | . . 50 Average 82 | . 73 110 Maximum Alert Level 1 | . 1 . Low Security (%) 99 | 100 99 100 Level 1 . | . . . Level 2 . | . . . Level 3 . | . . . Level 4 . | . . . Level 5 . | . . . High Security . | . . . Max Security . | . . . Squads Dispatched 4 | . 3 1 Investigation 3 | . 2 1 Extermination . | . . . Reinforcement 1 | . 1 . Assault . | . . . Garrison . | . . . Intercept . | . . . Searches Triggered . | . . . Construction Impeded . | . . . Haulers Reinforced . | . . . Active Scanning Responses . | . . . Cargo Convoy Interrupts . | . . . Stealth | -11 -10 -9 --------- Run | Yrd Mat Mat Distress Signals 2 | . 1 1 Communications Jammed . | . . . Distress Signals . | . . . Times Spotted 33 | . 15 18 Peak Tracking Total 8 | . 4 8 Tactical Retreats 2 | . . 2 Traps | -11 -10 -9 ------- Run | Yrd Mat Mat Traps Triggered 3 | . 3 . Indirectly . | . . . Trap Hack Attempts . | . . . Triggered . | . . . Disarmed . | . . . Reprogrammed . | . . . Reused . | . . . Traps Extracted . | . . . Installed . | . . . Triggered . | . . . Machines | -11 -10 -9 ---------- Run | Yrd Mat Mat Machines Disabled 1 | . . 1 Max in Single Turn 1 | . . 1 Machines Repaired . | . . . Machines Dismantled . | . . . Machines Sabotaged . | . . . Overloaded Fab Kills . | . . . Hacking | -11 -10 -9 --------- Run | Yrd Mat Mat Machines Accessed 6 | . 5 1 Terminals 4 | . 3 1 Fabricators . | . . . Repair Stations 1 | . 1 . Recycling Units 1 | . 1 . Scanalyzers . | . . . Garrison Access . | . . . Total Hacks 22 | . 18 4 Successful 10 | . 9 1 Failed 12 | . 9 3 Catastrophic 1 | . 1 . Database Lockouts . | . . . Manual 1 | . 1 . Terminals 12 | . 8 4 Fabricators . | . . . Repair Stations 7 | . 7 . Recycling Units 3 | . 3 . Scanalyzers . | . . . Garrison Access . | . . . Terminal Hacks 3 | . 2 1 Locate Traps 1 | . . 1 Registered Components 1 | . 1 . Zone Layout 1 | . 1 . Fabricator Hacks . | . . . Repair Station Hacks 5 | . 5 . Scan Component 3 | . 3 . Repair 2 | . 2 . Recycling Unit Hacks 2 | . 2 . Report Inventory 1 | . 1 . Retrieve Components 1 | . 1 . Scanalyzer . | . . . Garrison Access Hacks . | . . . Unauthorized Hacks . | . . . Terminals . | . . . Fabricators . | . . . Repair Stations . | . . . Recycling Units . | . . . Scanalyzers . | . . . Garrison Access . | . . . Data Cores Recovered . | . . . Used . | . . . Hacking Detections 3 | . 2 1 Full Trace Events 1 | . 1 . Feedback Events . | . . . Feedback Blocked . | . . . Robot Schematics Acquired . | . . . Robots Built . | . . . Authchips . | . . . Time . | . . . Total Robot Build Rating . | . . . Part Schematics Acquired . | . . . Parts Built . | . . . Authchips . | . . . Time . | . . . Total Part Build Rating . | . . . Parts Repaired 2 | . 2 . Time 52 | . 52 . Parts Recycled . | . . . Recycled Matter . | . . . Retrieved Matter . | . . . Retrieved Components 2 | . 2 . Parts Scanalyzed . | . . . Part Schematics Acquired . | . . . Parts Damaged . | . . . Bothacking | -11 -10 -9 ------------ Run | Yrd Mat Mat Used RIF Installer . | . . . Robots Hacked . | . . . Non-combat . | . . . Combat . | . . . Robot Hacks Applied . | . . . Relay Couplers Released . | . . . Fabnet Peak Effective % . | . . . Robots Rewired . | . . . Allies Hacked . | . . . Hacks Repelled . | . . . Allies | -11 -10 -9 -------- Run | Yrd Mat Mat Total Allies . | . . . Largest Group . | . . . Highest-Rated Group . | . . . Highest-Rated Ally . | . . . Total Orders . | . . . Ally Attacks . | . . . Total Damage . | . . . Kills . | . . . Allies Corrupted . | . . . Allies Melted . | . . . Intel | -11 -10 -9 ------- Run | Yrd Mat Mat Robot Analysis Total . | . . . Derelict Logs Recovered . | . . . Drone Launches . | . . . Drone Recoveries . | . . . Exploration | -11 -10 -9 ------------- Run | Yrd Mat Mat Turns Passed 1447 | 83 848 516 Spaces Moved 701 | 44 432 225 Core 12 | 8 . 4 Treads 102 | 36 66 . Legs . | . . . Wheels 587 | . 366 221 Hover . | . . . Flight . | . . . Fastest Speed 50 | 50 80 110 Average Speed 159 | 140 151 179 Slowest Speed 1400 | 160 320 1400 Overloaded Moves . | . . . Propulsion Burnouts . | . . . Robots Hopped . | . . . Cave-ins Triggered . | . . . Exploration Rate (%) 27 | 3 59 21 Regions Visited 2 Branch Regions . Pre-discovered Areas . | . . . Known Exits Taken . | . . . Unknown Exits Taken 2 | 1 1 . Scrap Searched . | . . . Spaces Dug . | . . . Terrain Destroyed 108 | . 49 59 Melee . | . . . Projectile . | . . . AOE 108 | . 49 59 Terrain Rammed . | . . . Walls Destroyed . | . . . Machines Disabled . | . . . Actions | -11 -10 -9 --------- Run | Yrd Mat Mat Total 907 | 66 543 298 Wait 32 | 9 21 2 Move 699 | 43 431 225 Hop . | . . . Pick Up 41 | 7 22 12 Fast Attach 1 | . 1 . Attach 22 | 6 5 11 Detach 3 | . . 3 Swap 24 | . 13 11 Drop 16 | 1 10 5 Fire 66 | . 40 26 Melee . | . . . Ram 3 | . . 3 Kick . | . . . Crush . | . . . Escape Stasis . | . . . Rewire . | . . . Trap . | . . . Miscellaneous . | . . . Route ------- -11/Scrapyard -10/Materials (discovered 3 exits: *Mat x2 / [*Min]) -9/Materials History --------- Turn | Location | Event 4 | -11/Scrapyard | Discovered new exit (range 15) 84 | -11/Scrapyard | Entered Materials 324 | -10/Materials | Build established: Mutant 562 | -10/Materials | Discovered new exit (range 4) 625 | -10/Materials | Discovered new exit (range 15) 778 | -10/Materials | Discovered new exit (range 15) 833 | -10/Materials | Repaired Huge Storage Unit 859 | -10/Materials | Repaired Sml. Matter Pod 881 | -10/Materials | Core integrity fell below 50% 932 | -10/Materials | Entered another Materials area 932 | -9/Materials | Evolved 2 slots: Propulsion x1, Utility x1 1197 | -9/Materials | Lost 3 parts (1p2n) 1425 | -9/Materials | Core integrity fell below 50% 1439 | -9/Materials | Core integrity fell below 20% 1448 | -9/Materials | Destroyed self with Grenade Launcher Last Messages --------------- 01435_ Backup Laser I tumbles out of repair station. 01435_ Backup Plating I tumbles out of repair station. 01435_ G-34 Mercenary destroyed. 01435_ K-01 Serf destroyed. 01438_ G-47 Trooper destroyed. 01438_ Grenade Launcher destroyed. 01441_ G-34 Mercenary destroyed. 01441_ Backup Plating I tumbles out of repair station. 01441_ Backup Power I tumbles out of repair station. 01441_ Backup Plating I tumbles out of repair station. 01442_ Grenade Launcher destroyed. 01446_ G-34 Mercenary destroyed. 01447_ W-16 Scout sends out distress signal. 01448_ G-34 Mercenary destroyed. 01448_ T-07 Excavator destroyed. Map ----- +----------------------------------------------------+ | ?????????????????????????????????????????????????? | | ????????????????????????? ??????????????????? | | ??????????????????????? ????????????????? | | ????????????????????# #?????????????? | | ????????????????????^^ T ???????????? | | ????????????????????^^ ????????? | | ????????????????????^^ ?????????? | | ????????????#####????# #?????????? | | ????????????# #????# ??????????? | | ????????????# #????# ??????????? | | ????????????# #????# ??? ???????? | | ????????????#" #????# ? ???????? | | ????????????#T #????# ????????? | | ????????????#" #????# """ #?????????? | | ?????######## #????# """ #?????????? | | ?????# ###/####### """ #?????????? | | ?????# """ ####??????? | | ?????# +??????? | | ?????# u #?????????? | | ?????# ############## """ #?????????? | | ?????## ##???????# *= """ #?????????? | | ??????# #????????# """ """ #?????????? | | ?????## ##???????# * R= """ #####?????? | | ###### ##???????#! %! r ??? | | ##???????# = ! ??? | | # ##???????# !!@ """ ??? | | # ###??????# !! """ #???? | | [ # # ##?????# % """ #???? | | #????# %=[ | """ ????? | | = # ##????## # %! ????? | | = # #??????# ## = ????? | | ##??????## ? """ ? ?????? | | #???????? ## ? """ ?? ?????? | | ####### #??????? ?# ? """ ?????????? | | == ##??????"w??# ? """? ????????? | | [ # #???????" ??# ? ??? ????????? | | ==# #??????""???# ? ?????????????? | | / #??????"???? ? ??????????????? | | [! # #??????????? ??????????????? | | [! # #??????????? ??????????????? | | [ # #??????????? ###???????????????? | | #####??????????# ??????????????????? | | #######???????????????? ?????????????????????? | | ?????????????????????????????????????????????????? | | ?????????????????????????????????????????????????? | | ?????????????????????????????????????????????????? | | ?????????????????????????????????????????????????? | | ?????????????????????????????????????????????????? | | ?????????????????????????????????????????????????? | | ?????????????????????????????????????????????????? | +----------------------------------------------------+ Best States ------------- Heat Dissipation 28 Energy Generation 10 Energy Capacity 250 Matter Stores 309 Matter Capacity 350 Sight Range 18 Terrain Scan Range 14 Terrain Scan Density 10 Evasion (%) 40 Recoil Reduction 2 Item Schematics ----------------- None Robot Schematics ------------------ None Fabricated ------------ Nothing Alien Tech Used ----------------- None Achievements -------------- None Challenges ------------ None Game ------ Seed RecyclingProcessingBlaster Manual? 0 Play Time 00:20:50 Cumulative 4.3 hours Start 2024.10.11 @ 18:34:32 End 2024.10.12 @ 11:14:51 Sessions 3 Manual Loads 0 Difficulty Rogue Special Mode None Game No. 6 Rogue 4 Adventurer 0 Explorer 2 Win Type - Total 0 Types 0/0/0/0/0/0/0/0/0 Lore% 2 Gallery% 11 Achievement% 14 Wizard Run 0 Options --------- Layout 1 ASCII 0 Keyboard 0 Movement Mouse Keybinds 0 Fullscreen 2 Font 24/X11 Map View 50x35 Zoom Use 0% Tactical HUD 1 Map Filters NONE Filters NONE Steam 1 RUN: c377acdf-8039-4ebb-9d87-47107bb2bc78